 Dungeon Crawl Stone Soup version 0.29.1-1-gd02db6906a (webtiles) character file.

Game seed: 17914275939294768782

63 lonewolfV2 the Trooper (level 3, -5/33 HPs)
             Began as a Minotaur Fighter on Oct 15, 2022.
             Killed from afar by an orc wizard (8 damage)
             ... with a magic dart
             ... on level 2 of the Dungeon.
             The game lasted 00:03:26 (1450 turns).

lonewolfV2 the Trooper (Minotaur Fighter)           Turns: 1450, Time: 00:03:27

Health: -5/33      AC:  7    Str: 22    XL:     3   Next: 89%
Magic:  2/2        EV:  9    Int:  5    God:
Gold:   116        SH:  0    Dex:  9    Spells: 2/2 levels left

rFire   . . .      SeeInvis .   a - +0 war axe
rCold   . . .      Faith    .   c - +0 buckler
rNeg    . . .      Spirit   .   b - +0 scale mail
rPois   .          Reflect  .   (helmet restricted)
rElec   .          Harm     .   (no cloak)
rCorr   .          Rampage  .   (no gloves)
Will    .....                   (no boots)
Stlth   ..........              (no amulet)
HPRegen 0.11/turn               (no ring)
MPRegen 0.08/turn               (no ring)

@: confused
A: horns 2, retaliatory headbutt
a: no special abilities


You were on level 2 of the Dungeon.
You visited 1 branch of the dungeon, and saw 2 of its levels.

You collected 116 gold pieces.

Inventory:

Hand Weapons
 a - a +0 war axe (weapon)
Armour
 b - a +0 scale mail (worn)
 c - a +0 buckler (worn)
Scrolls
 f - 2 scrolls of identify {unknown}
 h - a scroll of butterflies {unknown}
 i - a scroll of fear {unknown}
 j - 3 scrolls of immolation {unknown}
 k - a scroll of vulnerability {unknown}
Potions
 d - 3 potions of might
 e - a potion of flight {unknown}
 g - 3 potions of haste {unknown}


   Skills:
 + Level 4.3 Fighting
 + Level 3.6 Axes
 + Level 4.1 Armour
 + Level 0.2 Dodging
 + Level 4.1 Shields


You had 2 spell levels left.
You didn't know any spells.
Your spell library contained the following spells:

 Spells                   Type           Power      Damage    Failure   Level
 Portal Projectile        Hex/Tloc       0%         N/A       99%         3
 Tukima's Dance           Hex            0%         N/A       99%         3
 Blade Hands              Tmut           0%         N/A       100%        5


Dungeon Overview and Level Annotations

Branches:
Dungeon (2/15)

Altars:

Shops:
D:1 :


Innate Abilities, Weirdness & Mutations

You have a pair of horns on your head.
You reflexively headbutt those who attack you in melee.


Message History

You completely miss something. Something hits you but does no damage.
You hear some strange, mumbled words.
You are more confused.
You miss something. Something hits you.
You closely miss something. Something hits you.
You hear some strange, mumbled words.
You are more confused.
You hear some strange, mumbled words.
A magic dart appears from out of thin air!
The magic dart hits you. Something hits you.
You're too confused to move!
Something hits you.
You bump into the rock wall.
Something hits you but does no damage.
You're too confused to move!
Something hits you.
You bump into the rock wall.
Something hits you but does no damage.
You bump into the rock wall.
Something hits you but does no damage.
You bump into the rock wall.
Something hits you. Something hits you. Something hits you but does no damage.
You hear some strange, mumbled words.
You are more confused.
Found 6 gold pieces.
An orc wizard appears from thin air!
Reactivating autopickup.
The orc wizard gestures at you while chanting.
The magic dart hits you.
The orc wizard mumbles some strange words.
The orc wizard flickers and vanishes!
Deactivating autopickup; reactivate with Ctrl-A.
You hear some strange, mumbled words.
A puff of flame appears from out of thin air!
The puff of flame hits you.
* * * LOW HITPOINT WARNING * * *
You're too confused to move!
Something hits you.
* * * LOW HITPOINT WARNING * * *
You completely miss something.
You hear some strange, mumbled words.
A magic dart appears from out of thin air!
The magic dart hits you!
You die...

.# #............ ##
.###.)######..## #.$
.##...........#
#..###.#.....#####..##
###.....................
#.......####..######....
#.# #..........## #.#
#..........## #@#
##+#######...< #
#{###...## #..## #.
#.##.....## #..##
###..####.#.......## #...#
.........).........###....
#####.).).........'..[...
#.###.........###.... #.
##.......##.....# #.
##.....###.###.#


There were no monsters in sight!

Vanquished Creatures
  A worm (D:2)
  A dart slug (D:2)
  4 orcs (D:2)
  4 ball pythons (D:1)
  5 bats
  6 endoplasms
  2 giant cockroaches (D:1)
  7 goblins
  3 hobgoblins
  3 jackals (D:1)
  3 quokkas (D:1)
  2 frilled lizards (D:1)
  6 rats
47 creatures vanquished.

Notes
Turn   | Place    | Note
-------+----------+-------------------------------------------
     0 | D:1      | lonewolfV2 the Minotaur Fighter began the quest for the
                  | Orb.
     0 | D:1      | Reached XP level 1. HP: 19/19 MP: 0/0
    99 | D:1      | Reached XP level 2. HP: 27/27 MP: 1/1
   286 | D:1      | Found Zyvagi's Book Boutique.
   539 | D:1      | Reached XP level 3. HP: 30/33 MP: 2/2
   632 | D:1      | Found a faded altar of an unknown god.
   834 | D:2      | Identified the +1 quarterstaff "Demonslayer" {vorpal, Fly
                  | rPois Dex+2}
  1450 | D:2      | Killed from afar by an orc wizard

Illustrated notes

Levels and vault maps discovered:
D:1:      dpeg_arrival_castle, layout_rooms, nicolae_ecumenical_snake_handling,
          serial_shops, shop, corexii_leaking_fountain
D:2:      layout_loops_corners

Skill      XL: |  1  2  3 |
---------------+----------+-----
Shields        | 4 |  4.1
Fighting       | 4 |  4.3
Axes           | 3 |  3.6
Armour         | 4 |  4.1
Dodging        | |  0.2

Action                   || total
-------------------------++-------
Melee: War axe           ||    92
       Headbutt          ||     8
Armor: Scale mail        ||    61
Dodge: Dodged            ||    46
Block: Buckler           ||    18
